 Dungeon Crawl Stone Soup version 0.16.1-16-gc44b35d (webtiles) character file.

46 EvilTwin the Sneak (level 3, 0/22 HPs)
             Began as a Kobold Assassin on Apr 18, 2015.
             Killed from afar by Terence (13 damage)
             ... with a wand of flame
             ... on level 2 of the Dungeon.
             The game lasted 00:06:11 (1693 turns).

EvilTwin the Sneak (Kobold Assassin)                Turns: 1693, Time: 00:06:11

Health: 0/22       AC:  2    Str:  9    XL:     3   Next: 95%
Magic:  3/3        EV: 15    Int:  7    God:
Gold:   97         SH:  0    Dex: 18    Spells: 0 memorised, 2 levels left

rFire  . . .     SeeInvis .     a - +2 dagger
rCold  . . .     Clarity  .     (no armour)
rNeg   . . .     SustAb   .     (no shield)
rPois  .         Gourm    .     (no helmet)
rElec  .         Spirit   .     d - +0 cloak
rCorr  +         Warding  .     u - +0 pair of gloves
rMut   .         Stasis   .     (no boots)
MR     .....                    i - amulet of resist corrosion
Stlth  ++++......               (no ring)
                                (no ring)

@: not resistant to hostile enchantments, stealthy
A: talons 2, carnivore 3, dopey 1, evolution 1
a: no special abilities


You were on level 2 of the Dungeon.
You were not hungry.

You visited 1 branch of the dungeon, and saw 2 of its levels.

You collected 97 gold pieces.

Inventory:

Hand weapons
 a - a +2 dagger (weapon)
 b - a +0 blowgun
Missiles
 e - 8 poisoned needles
 f - 2 curare-tipped needles
Armour
 c - a +0 robe
 d - a +0 cloak (worn)
 p - a +0 leather armour
 u - a +0 pair of gloves (worn)
Jewellery
 i - an amulet of resist corrosion (around neck)
Scrolls
 j - 3 scrolls of teleportation {unknown}
 l - a scroll of enchant armour {unknown}
 m - 2 scrolls of identify {unknown}
 n - a scroll of fog {unknown}
 o - a scroll of recharging {unknown}
 r - 3 scrolls of remove curse {unknown}
 s - a scroll of enchant weapon {unknown}
 t - a scroll of amnesia {unknown}
Potions
 k - a potion of invisibility
 q - a potion of might {unknown}
Comestibles
 g - a meat ration
 h - a beef jerky


   Skills:
 + Level 2.4 Fighting
 + Level 3.4 Short Blades
 + Level 2.8 Throwing
 + Level 1.7 Dodging
 * Level 6.4 Stealth


You had 2 spell levels left.
You didn't know any spells.

Dungeon Overview and Level Annotations

Branches:
Dungeon (2/15)

Altars:

Annotations:
D:2 Terence


Innate Abilities, Weirdness & Mutations

You are small and have problems with some larger weapons.
You are carnivorous and can eat meat at any time.
You have razor-sharp toenails.
You are dopey. (Int -2)
You evolve.


Message History

Terence shouts!
Terence is nearby!
Terence zaps a wand.
The puff of flame hits you!
It is a wand of flame.
A goblin comes into view.
The goblin shouts!
You hit the goblin.
The goblin is moderately wounded.
You hit the goblin. Your kick misses the goblin.
The goblin is almost dead.
The goblin hits you.
Terence zaps a wand.
The puff of flame misses you.
You hit the goblin but do no damage. Your kick misses the goblin.
The goblin is almost dead.
The goblin barely misses you.
You barely miss the goblin. You claw the goblin.
You kill the goblin!
Terence screams, "I want your blood!"
Terence zaps a wand.
The puff of flame misses you.
Terence zaps a wand.
The puff of flame hits you!
Ouch! That really hurt!
You die...

#.# #.####.### #######.# #...
#.###.#....#####.....#.#####...
###>.............+...............
#............#.# #.....###...####
#........###.#.. #.....# #...#
#........###.##.##.....# #.......
#............##..#.....####+#....
#.........######.#.....#....#....
#...@...@.......@......'....+....
..........#######.######....#....
..#.............#..#####....#....
.)#.............##.##............
..#.............##..#............
..#.............###.#...........
..#.............# #.....###+#...
..#.............####....# #.# ..
..#######+#######.......# #.#####


You could see Terence.

Vanquished Creatures
  3 adders (D:2)
  A giant gecko (D:1)
  5 bats
  3 goblins
  5 kobolds
  A ball python (D:2)
  2 giant newts (D:2)
  3 rats
23 creatures vanquished.

Notes
Turn   | Place    | Note
--------------------------------------------------------------
     0 | D:1      | EvilTwin, the Kobold Assassin, began the quest for the Orb.
     0 | D:1      | Reached XP level 1. HP: 12/12 MP: 1/1
   219 | D:1      | Reached XP level 2. HP: 5/17 MP: 2/2
   798 | D:1      | Reached skill level 6 in Stealth
   987 | D:2      | Reached XP level 3. HP: 16/21 MP: 3/3
  1139 | D:2      | Gained mutation: You have sharp toenails. [potion of mutation]
  1139 | D:2      | Gained mutation: You evolve. [potion of mutation]
  1139 | D:2      | Gained mutation: You have razor-sharp toenails. [potion of mutation]
  1514 | D:2      | Gained mutation: You are dopey. (Int -2) [evolution]
  1673 | D:2      | Noticed Terence
  1693 | D:2      | Killed from afar by Terence

Action                   || total
-------------------------++-------
Melee: Dagger            ||    72
  Use: Potion            ||     4
 Stab: Sleeping          ||     5
  Eat: Beef jerky        ||     1
